Philadelphia Phantoms vs Chicago Wolves

Created - 14 avril 2024 at 15:10

Goals
1 2 3 T
Philadelphia Phantoms 0 0 3 3
Chicago Wolves 1 3 1 5
Shots
1 2 3 T
Philadelphia Phantoms 5 8 17 30
Chicago Wolves 21 15 12 48

GoalsPenalties
1st period
1. Chicago Wolves , Mitchell Stephens 52 (Vasily Podkolzin 65) at 14:26
Buddy Robinson (WOL) for Fighting (Major) at 0:36
Givani Smith (PHA) for Fighting (Major) at 0:36
Chase Priskie (PHA) for Hooking (Minor) at 10:25
2nd period
2. Chicago Wolves , Nils Hoglander 50 (Hudson Fasching 5, Tyson Foerster 69) at 0:06
3. Chicago Wolves , Nils Hoglander 51 (Cavan Fitzgerald 38) at 4:54 (SH)
4. Chicago Wolves , William Lockwood 46 (Lukas Rousek 62, Dean Stewart 36) at 11:23
Jordan Harris (WOL) for Tripping (Minor) at 4:15
Jackson Cates (WOL) for Fighting (Major) at 14:19
Chase Priskie (PHA) for Fighting (Major) at 14:19
Cavan Fitzgerald (WOL) for High sticking (Minor) at 16:30
3rd period
5. Philadelphia Phantoms , Cole Schwindt 27 (Wade Allison 66, Dryden Hunt 58) at 5:41
6. Chicago Wolves , C.J. Smith 19 (Lukas Rousek 63, Nils Hoglander 55) at 6:09
7. Philadelphia Phantoms , Dylan Guenther 82 (Chase Priskie 41, Vasili Ponomarev 85) at 9:56
8. Philadelphia Phantoms , Tyler Madden 45 (Jackson LaCombe 41) at 15:45
Jackson LaCombe (PHA) for Hooking (Minor) at 0:22
Jakub Galvas (WOL) for Fighting (Major) at 5:25
Brandon Coe (PHA) for Fighting (Major) at 5:25
Cole Schwindt (PHA) for Hooking (Minor) at 7:20
Goalie Stats
Cayden Primeau (PHA), 43 saves from 48 shots - (0,896), L, 26-16-5, 60:00 minutes
Daniel Vladar (WOL), 27 saves from 30 shots - (0,900), W, 35-12-5, 60:00 minutes
3 StarsOfficial
1 - Nils Hoglander (WOL)
2 - William Lockwood (WOL)
3 - Lukas Rousek (WOL)
Referees : Mitch Dunning and Eric Furlatt
Linesman : Tyson Baker and Kyle Larson
Game Note
Buddy Robinson and Givani Smith fight to a draw at 0:36 of 1st period
Zayde Wisdom is injured at 12:43 of 1st period (Strained Left Elbow)
Jackson Cates beats up Chase Priskie at 14:19 of 2nd period
Brandon Coe beats up Jakub Galvas at 5:25 of 3rd period
Finance
Level 1 -- Attendance: 2000 (100,00%) -- Ticket Income $50,000
Level 2 -- Attendance: 1000 (100,00%) -- Ticket Income $10,000
Total Attendance: 3000 (100,00%)
Total Ticket Income: $60,000
Other Income: $29,400
Total Income: $89,400



Team Name Goals Shots Shots Attemp Shots Blocked PIM HIT PP PK FO%
Philadelphia Phantoms 330611121180 / 2 (0%)047%
Chicago Wolves 548871419280 / 3 (0%)053%

Philadelphia Phantoms
Player Name POS G A P +/- PIM HIT SHT SB MP PP MP PP SHT PK MP PK SHT FO% FOT GA TA
Adam GinningD000-1000218:291:2802:2800% 000
Alec RegulaD000-1011117:181:1400:5800% 001
Brandon CoeRW0000530011:170:3500:0000% 100
Chase PriskieD0110701113:530:0000:0000% 000
Cole SchwindtC/RW101-1214018:001:5001:29050% 2010
Dennis CholowskiD0000001220:040:5403:2900% 000
Drew O'ConnorLW000-1011017:281:1002:2400% 120
Dryden HuntLW/RW011-2014020:231:4701:19067% 310
Dylan GuentherLW/RW1010003119:271:1022:5300% 012
Givani SmithLW/RW0000502014:330:4500:3400% 220
Jackson LaCombeD011-1203125:141:5002:3100% 010
Jan MysakC/LW0000000011:020:1600:000100% 100
Milos KelemenLW/RW0000042112:450:4500:0000% 010
Ronnie AttardD000-1023124:162:3012:2800% 000
Tyler MaddenC1010001113:050:3300:22050% 1031
Vasili PonomarevC0110022018:501:1302:53047% 1920
Wade AllisonRW011-2012014:341:5000:0000% 100
Zayde WisdomC000002002:400:0000:000100% 100
Chicago Wolves
Player Name POS G A P +/- PIM HIT SHT SB MP PP MP PP SHT PK MP PK SHT FO% FOT GA TA
Buddy RobinsonRW000-1534011:260:0700:0000% 010
C.J. SmithC/LW/RW1011012013:420:0001:00044% 1601
Cavan FitzgeraldD0112202223:103:0601:4100% 002
Dean StewartD0111010020:453:0601:2100% 001
Hudson FaschingRW0110021014:522:4700:0000% 011
Jackson CatesC/LW000-1512212:280:0000:00044% 900
Jakub GalvasD0000510115:400:0000:3200% 000
Jordan HarrisD0000210121:232:5101:1000% 001
Lawrence PilutD0001013021:112:4302:0000% 001
Lukas RousekLW/RW0221023013:200:0000:0700% 020
Mitchell StephensC1011017016:233:0310:58057% 701
Nils HoglanderLW/RW21310210217:242:4701:5610% 001
Saku MaenalanenLW/RW0001013116:043:0310:5800% 002
Santtu KinnunenD0000000318:240:0801:1200% 001
Tyson FoersterC0111052117:142:5402:13164% 2501
Valtteri PuustinenLW/RW000-1001113:550:2700:4400% 100
Vasily PodkolzinRW0111022015:302:4300:0000% 001
William LockwoodRW1011046013:060:0000:0000% 100

Philadelphia Phantoms

5 vs 5 Forward
Line #Left WingCenterRight WingPHYDFOFWanted %Time %Time Play
1Drew O'ConnorVasili PonomarevDylan Guenther0233029%14:24
2Dryden HuntCole SchwindtWade Allison0232725%12:23
3Milos KelemenTyler MaddenGivani Smith0232524%11:51
4Jan MysakZayde WisdomBrandon Coe0321823%11:27
5 vs 5 Defense
Line #DefenseDefensePHYDFOFWanted %Time %Time Play
1Ronnie AttardJackson LaCombe0413635%17:46
2Dennis CholowskiChase Priskie0413434%16:47
3Alec RegulaAdam Ginning0413029%14:21
4Ronnie AttardJackson LaCombe04102%1:11
Power Play Forward
Line #Left WingCenterRight WingPHYDFOFWanted %Time %Time Play
1Drew O'ConnorVasili PonomarevDylan Guenther0055331%1:13
2Dryden HuntCole SchwindtWade Allison0054769%2:45
Power Play Defense
Line #DefenseDefensePHYDFOFWanted %Time %Time Play
1Ronnie AttardJackson LaCombe0145563%2:30
2Dennis CholowskiAdam Ginning0144537%1:28
Penalty Kill 4 Players Forward
Line #CenterWingPHYDFOFWanted %Time %Time Play
1Vasili PonomarevDylan Guenther0505560%3:33
2Cole SchwindtDrew O'Connor0504540%2:24
Penalty Kill 4 Players Defense
Line #DefenseDefensePHYDFOFWanted %Time %Time Play
1Dennis CholowskiJackson LaCombe0505559%3:29
2Adam GinningRonnie Attard0504541%2:28
Penalty Kill 3 Players
Line #WingPHYDFOFWanted %Time %Time PlayDefenseDefensePHYDFOFWanted %Time %Time Play
1Vasili Ponomarev050550%0:00 Dennis CholowskiJackson LaCombe050550%0:00
2Cole Schwindt050450%0:00 Adam GinningRonnie Attard050450%0:00
4 vs 4 Forward
Line #CenterWingPHYDFOFWanted %Time %Time Play
1Vasili PonomarevDylan Guenther032600%0:00
2Cole SchwindtDrew O'Connor032400%0:00
4 vs 4 Defense
Line #DefensePHYDFOFWanted %Time %Time Play
1Dennis CholowskiJackson LaCombe032600%0:00
2Adam GinningRonnie Attard032400%0:00
Last Minutes Offensive
Left WingCenterRight WingDefenseDefense
Dylan GuentherVasili PonomarevWade AllisonRonnie AttardJackson LaCombe
Last Minutes Defensive
Left WingCenterRight WingDefenseDefense
Dylan GuentherVasili PonomarevWade AllisonRonnie AttardJackson LaCombe
Time
Total ForwardTotal DefenseLast Minutes OffensiveLast Minutes Defensive
60:00 60:00 0:000:00
Extra Forwards
Normal PowerPlayPenalty Kill
Dryden Hunt, Givani Smith, Cole SchwindtDryden Hunt, Givani SmithDryden Hunt
Extra Defensemen
Normal PowerPlayPenalty Kill
Jackson LaCombe, Alec Regula, Adam GinningChase Priskie, Alec RegulaChase Priskie
Penalty Shots
Dylan Guenther, Wade Allison, Drew O'Connor, Vasili Ponomarev, Dryden Hunt
Goalie
Cayden Primeau, Hugo Alnefelt
Scratches
Brendan Perlini (Healthy), Jeremy Groleau (Healthy), Ryan Merkley (Healthy), Alexander Kisakov (Healthy), Eemil Viro (Healthy) Max Veronneau (Healthy), Emil Andrae (Healthy), Jiri Patera (Healthy)

Chicago Wolves

5 vs 5 Forward
Line #Left WingCenterRight WingPHYDFOFWanted %Time %Time Play
1Nils HoglanderTyson FoersterHudson Fasching0232524%12:05
2Saku MaenalanenMitchell StephensVasily Podkolzin0232524%11:58
3Valtteri PuustinenJackson CatesBuddy Robinson0232526%12:56
4Lukas RousekC.J. SmithWilliam Lockwood0232526%13:06
5 vs 5 Defense
Line #DefenseDefensePHYDFOFWanted %Time %Time Play
1Jordan HarrisLawrence Pilut0233434%16:47
2Dean StewartCavan Fitzgerald0233333%16:18
3Santtu KinnunenJakub Galvas0233334%17:00
4Jordan HarrisLawrence Pilut02300%0:00
Power Play Forward
Line #Left WingCenterRight WingPHYDFOFWanted %Time %Time Play
1Nils HoglanderTyson FoersterHudson Fasching0235049%2:54
2Saku MaenalanenMitchell StephensVasily Podkolzin0235051%3:03
Power Play Defense
Line #DefenseDefensePHYDFOFWanted %Time %Time Play
1Jordan HarrisLawrence Pilut0235048%2:51
2Dean StewartCavan Fitzgerald0235052%3:06
Penalty Kill 4 Players Forward
Line #CenterWingPHYDFOFWanted %Time %Time Play
1Tyson FoersterNils Hoglander0235075%2:58
2Mitchell StephensSaku Maenalanen0235025%1:00
Penalty Kill 4 Players Defense
Line #DefenseDefensePHYDFOFWanted %Time %Time Play
1Jordan HarrisLawrence Pilut0235057%2:15
2Dean StewartCavan Fitzgerald0235043%1:43
Penalty Kill 3 Players
Line #WingPHYDFOFWanted %Time %Time PlayDefenseDefensePHYDFOFWanted %Time %Time Play
1Tyson Foerster023500%0:00 Jordan HarrisLawrence Pilut023500%0:00
2Mitchell Stephens023500%0:00 Dean StewartCavan Fitzgerald023500%0:00
4 vs 4 Forward
Line #CenterWingPHYDFOFWanted %Time %Time Play
1Tyson FoersterNils Hoglander023500%0:00
2Mitchell StephensSaku Maenalanen023500%0:00
4 vs 4 Defense
Line #DefensePHYDFOFWanted %Time %Time Play
1Jordan HarrisLawrence Pilut023500%0:00
2Dean StewartCavan Fitzgerald023500%0:00
Last Minutes Offensive
Left WingCenterRight WingDefenseDefense
Nils HoglanderTyson FoersterHudson FaschingJordan HarrisLawrence Pilut
Last Minutes Defensive
Left WingCenterRight WingDefenseDefense
Nils HoglanderTyson FoersterHudson FaschingJordan HarrisLawrence Pilut
Time
Total ForwardTotal DefenseLast Minutes OffensiveLast Minutes Defensive
60:00 60:00 0:000:00
Extra Forwards
Normal PowerPlayPenalty Kill
Vasily Podkolzin, Valtteri Puustinen, Buddy RobinsonVasily Podkolzin, Valtteri PuustinenVasily Podkolzin
Extra Defensemen
Normal PowerPlayPenalty Kill
Cavan Fitzgerald, Santtu Kinnunen, Jakub GalvasCavan Fitzgerald, Cavan FitzgeraldSanttu Kinnunen
Penalty Shots
Nils Hoglander, Hudson Fasching, Tyson Foerster, Saku Maenalanen, Vasily Podkolzin
Goalie
Daniel Vladar, Devin Cooley
Scratches
C.J. Suess (Healthy), Linus Hogberg (Healthy), Vitali Kravtsov (Healthy), Oskari Laaksonen (Healthy), Daniil Chayka (Healthy) Kyle Keyser (Healthy), Nico Daws (Healthy)


Play-by-Play

1st period


0:01 of 1st period - Tyson Foerster wins face-off versus Vasili Ponomarev in neutral zone.
0:04 of 1st period - Vasili Ponomarev is hit by Nils Hoglander and loses puck.
0:29 of 1st period - Snap shot by Vasily Podkolzin.
0:29 of 1st period - Stopped by Cayden Primeau with a rebound.
0:31 of 1st period - Backhand shot by Saku Maenalanen.
0:31 of 1st period - Stopped by Cayden Primeau without a rebound.
0:32 of 1st period - Tyler Madden wins face-off versus Jackson Cates in Philadelphia Phantoms zone.
0:36 of 1st period - Buddy Robinson and Givani Smith fight to a draw.
0:36 of 1st period - Penalty to Buddy Robinson for Fighting.
0:36 of 1st period - Penalty to Givani Smith for Fighting.
0:37 of 1st period - Zayde Wisdom wins face-off versus C.J. Smith in Philadelphia Phantoms zone.
0:37 of 1st period - Zayde Wisdom is hit by William Lockwood.
0:49 of 1st period - Santtu Kinnunen is hit by Zayde Wisdom and loses puck.
1:14 of 1st period - Snap shot by Dryden Hunt.
1:14 of 1st period - Stopped by Daniel Vladar with a rebound.
1:26 of 1st period - Vasili Ponomarev is hit by Tyson Foerster and loses puck.
2:05 of 1st period - Slapshot by C.J. Smith.
2:05 of 1st period - Stopped by Cayden Primeau with a rebound.
2:55 of 1st period - Off-side.
2:56 of 1st period - Tyler Madden wins face-off versus C.J. Smith in neutral zone.
3:05 of 1st period - Wrist shot by Dryden Hunt.
3:05 of 1st period - Shot Misses the Net.
3:07 of 1st period - Slapshot by Dryden Hunt.
3:07 of 1st period - Stopped by Daniel Vladar with a rebound.
3:57 of 1st period - Chase Priskie is hit by Vasily Podkolzin and loses puck.
4:14 of 1st period - Slapshot by Milos Kelemen.
4:14 of 1st period - Shot Blocked by Jackson Cates.
4:22 of 1st period - Valtteri Puustinen is hit by Milos Kelemen and loses puck.
4:59 of 1st period - Snap shot by Dylan Guenther.
4:59 of 1st period - Shot Misses the Net.
5:52 of 1st period - Jordan Harris is hit by Alec Regula.
6:08 of 1st period - Snap shot by Dylan Guenther.
6:08 of 1st period - Shot Misses the Net.
6:20 of 1st period - Buddy Robinson is hit by Milos Kelemen and loses puck.
6:37 of 1st period - Dean Stewart is hit by Zayde Wisdom.
6:41 of 1st period - Jackson LaCombe is hit by Lukas Rousek and loses puck.
7:01 of 1st period - Chase Priskie is hit by Nils Hoglander and loses puck.
7:12 of 1st period - Snap shot by Mitchell Stephens.
7:12 of 1st period - Stopped by Cayden Primeau with a rebound.
7:22 of 1st period - Vasily Podkolzin is hit by Dryden Hunt and loses puck.
7:33 of 1st period - Snap shot by Dryden Hunt.
7:33 of 1st period - Stopped by Daniel Vladar with a rebound.
7:35 of 1st period - Snap shot by Dryden Hunt.
7:35 of 1st period - Deflect By Cole Schwindt.
7:35 of 1st period - Stopped by Daniel Vladar with a rebound.
7:37 of 1st period - Backhand shot by Alec Regula.
7:37 of 1st period - Shot Blocked by Saku Maenalanen.
7:47 of 1st period - Snap shot by Wade Allison.
7:47 of 1st period - Stopped by Daniel Vladar with a rebound.
7:57 of 1st period - Wade Allison is hit by Vasily Podkolzin and loses puck.
8:30 of 1st period - Snap shot by Vasily Podkolzin.
8:30 of 1st period - Stopped by Cayden Primeau with a rebound.
8:32 of 1st period - Backhand shot by Jordan Harris.
8:32 of 1st period - Shot Blocked by Alec Regula.
8:34 of 1st period - Snap shot by Saku Maenalanen.
8:34 of 1st period - Shot Misses the Net.
8:36 of 1st period - Wrist shot by Saku Maenalanen.
8:36 of 1st period - Shot Misses the Net.
8:38 of 1st period - Slapshot by Lawrence Pilut.
8:38 of 1st period - Stopped by Cayden Primeau with a rebound.
8:40 of 1st period - Slapshot by Jordan Harris.
8:40 of 1st period - Deflect By Mitchell Stephens.
8:40 of 1st period - Stopped by Cayden Primeau with a rebound.
8:44 of 1st period - Slapshot by Mitchell Stephens.
8:44 of 1st period - Stopped by Cayden Primeau without a rebound.
8:45 of 1st period - Tyson Foerster wins face-off versus Vasili Ponomarev in Philadelphia Phantoms zone.
8:53 of 1st period - Wrist shot by Tyson Foerster.
8:53 of 1st period - Stopped by Cayden Primeau with a rebound.
8:55 of 1st period - Wrist shot by Nils Hoglander.
8:55 of 1st period - Stopped by Cayden Primeau with a rebound.
8:57 of 1st period - Wrist shot by Nils Hoglander.
8:57 of 1st period - Shot Blocked by Chase Priskie.
8:59 of 1st period - Snap shot by Hudson Fasching.
8:59 of 1st period - Stopped by Cayden Primeau without a rebound.
9:00 of 1st period - C.J. Smith wins face-off versus Tyler Madden in Philadelphia Phantoms zone.
9:03 of 1st period - Wrist shot by William Lockwood.
9:03 of 1st period - Stopped by Cayden Primeau with a rebound.
9:11 of 1st period - Wrist shot by William Lockwood.
9:11 of 1st period - Stopped by Cayden Primeau with a rebound.
10:23 of 1st period - Snap shot by Nils Hoglander.
10:23 of 1st period - Stopped by Cayden Primeau with a rebound.
10:25 of 1st period - Minor Penalty to Chase Priskie for Hooking.
10:26 of 1st period - Vasili Ponomarev wins face-off versus Tyson Foerster in Philadelphia Phantoms zone.
10:35 of 1st period - Dennis Cholowski is hit by Tyson Foerster and loses puck.
12:17 of 1st period - Snap shot by Tyson Foerster.
12:17 of 1st period - Shot Misses the Net.
12:25 of 1st period - Penalty to Chase Priskie is over, Chase Priskie is back on ice.
12:42 of 1st period - Zayde Wisdom is hit by William Lockwood and loses puck.
12:43 of 1st period - Zayde Wisdom from Philadelphia Phantoms is injured at 12:43 of 1st period (Strained Left Elbow).
12:44 of 1st period - Vasili Ponomarev wins face-off versus Tyson Foerster in Philadelphia Phantoms zone.
13:09 of 1st period - Buddy Robinson is hit by Milos Kelemen and loses puck.
13:52 of 1st period - Snap shot by Dylan Guenther.
13:52 of 1st period - Shot Misses the Net.
14:12 of 1st period - Wrist shot by Mitchell Stephens.
14:12 of 1st period - Stopped by Cayden Primeau with a rebound.
14:14 of 1st period - Slapshot by Cavan Fitzgerald.
14:14 of 1st period - Stopped by Cayden Primeau with a rebound.
14:26 of 1st period - Snap shot by Vasily Podkolzin.
14:26 of 1st period - Deflect By Mitchell Stephens.
14:26 of 1st period - Goal by Mitchell Stephens - Philadelphia Phantoms : 0 - Chicago Wolves : 1.
14:27 of 1st period - Vasili Ponomarev wins face-off versus Tyson Foerster in neutral zone.
14:37 of 1st period - Off-side.
14:38 of 1st period - Vasili Ponomarev wins face-off versus Valtteri Puustinen in neutral zone.
15:04 of 1st period - Adam Ginning is hit by Hudson Fasching.
15:10 of 1st period - Wrist shot by Tyson Foerster.
15:10 of 1st period - Shot Misses the Net.
15:12 of 1st period - Snap shot by Nils Hoglander.
15:12 of 1st period - Shot Blocked by Adam Ginning.
15:14 of 1st period - Slapshot by Nils Hoglander.
15:14 of 1st period - Shot Misses the Net.
15:16 of 1st period - Snap shot by Nils Hoglander.
15:16 of 1st period - Stopped by Cayden Primeau with a rebound.
15:52 of 1st period - Slapshot by William Lockwood.
15:52 of 1st period - Stopped by Cayden Primeau without a rebound.
15:53 of 1st period - Cole Schwindt wins face-off versus C.J. Smith in Philadelphia Phantoms zone.
16:57 of 1st period - Saku Maenalanen is hit by Brandon Coe and loses puck.
17:08 of 1st period - Dylan Guenther is hit by Hudson Fasching and loses puck.
17:17 of 1st period - Slapshot by Nils Hoglander.
17:17 of 1st period - Shot Blocked by Dennis Cholowski.
17:19 of 1st period - Slapshot by Jordan Harris.
17:19 of 1st period - Shot Misses the Net.
17:21 of 1st period - Slapshot by Lawrence Pilut.
17:21 of 1st period - Stopped by Cayden Primeau with a rebound.
17:43 of 1st period - Wrist shot by Lukas Rousek.
17:43 of 1st period - Stopped by Cayden Primeau with a rebound.
18:12 of 1st period - Snap shot by Nils Hoglander.
18:12 of 1st period - Shot Misses the Net.
18:33 of 1st period - Brandon Coe is hit by Jakub Galvas and loses puck.
18:48 of 1st period - Snap shot by William Lockwood.
18:48 of 1st period - Shot Misses the Net.
18:50 of 1st period - Snap shot by William Lockwood.
18:50 of 1st period - Shot Blocked by Adam Ginning.
19:51 of 1st period - Saku Maenalanen is hit by Vasili Ponomarev and loses puck.
Goals for this period are 0 for Philadelphia Phantoms vs 1 for Chicago Wolves.
Shots for this period are 5 for Philadelphia Phantoms vs 21 for Chicago Wolves.

2nd period


0:01 of 2nd period - Tyson Foerster wins face-off versus Cole Schwindt in neutral zone.
0:04 of 2nd period - Snap shot by Nils Hoglander.
0:04 of 2nd period - Shot Hit the Post.
0:06 of 2nd period - Wrist shot by Nils Hoglander.
0:06 of 2nd period - Goal by Nils Hoglander - Philadelphia Phantoms : 0 - Chicago Wolves : 2.
0:07 of 2nd period - Jackson Cates wins face-off versus Cole Schwindt in neutral zone.
0:12 of 2nd period - Wrist shot by Jackson Cates.
0:12 of 2nd period - Deflect By Dryden Hunt.
0:12 of 2nd period - Stopped by Cayden Primeau without a rebound.
0:13 of 2nd period - Jackson Cates wins face-off versus Wade Allison in Philadelphia Phantoms zone.
0:18 of 2nd period - Slapshot by Buddy Robinson.
0:18 of 2nd period - Shot Misses the Net.
0:22 of 2nd period - Snap shot by Buddy Robinson.
0:22 of 2nd period - Stopped by Cayden Primeau with a rebound.
0:24 of 2nd period - Slapshot by Buddy Robinson.
0:24 of 2nd period - Shot Blocked by Ronnie Attard.
0:38 of 2nd period - Snap shot by Lukas Rousek.
0:38 of 2nd period - Deflect By William Lockwood.
0:38 of 2nd period - Stopped by Cayden Primeau with a rebound.
0:40 of 2nd period - Slapshot by Lawrence Pilut.
0:40 of 2nd period - Shot Misses the Net.
0:42 of 2nd period - Slapshot by Jordan Harris.
0:42 of 2nd period - Shot Misses the Net.
0:44 of 2nd period - Wrist shot by C.J. Smith.
0:44 of 2nd period - Shot Blocked by Jackson LaCombe.
0:46 of 2nd period - Wrist shot by C.J. Smith.
0:46 of 2nd period - Shot Misses the Net.
0:48 of 2nd period - Snap shot by Lukas Rousek.
0:48 of 2nd period - Shot Misses the Net.
1:44 of 2nd period - Wrist shot by Buddy Robinson.
1:44 of 2nd period - Stopped by Cayden Primeau with a rebound.
1:46 of 2nd period - Snap shot by Jakub Galvas.
1:46 of 2nd period - Shot Misses the Net.
1:48 of 2nd period - Slapshot by Jackson Cates.
1:48 of 2nd period - Shot Misses the Net.
1:50 of 2nd period - Wrist shot by Buddy Robinson.
1:50 of 2nd period - Stopped by Cayden Primeau with a rebound.
1:52 of 2nd period - Snap shot by Santtu Kinnunen.
1:52 of 2nd period - Shot Blocked by Tyler Madden.
1:54 of 2nd period - Snap shot by Valtteri Puustinen.
1:54 of 2nd period - Deflect By Buddy Robinson.
1:54 of 2nd period - Stopped by Cayden Primeau without a rebound.
1:55 of 2nd period - Tyson Foerster wins face-off versus Givani Smith in Philadelphia Phantoms zone.
2:06 of 2nd period - Snap shot by Givani Smith.
2:06 of 2nd period - Shot Misses the Net.
2:08 of 2nd period - Slapshot by Jan Mysak.
2:08 of 2nd period - Deflect By Cavan Fitzgerald.
2:08 of 2nd period - Shot Blocked by Nils Hoglander.
2:08 of 2nd period - Puck is out of play.
2:09 of 2nd period - C.J. Smith wins face-off versus Vasili Ponomarev in Chicago Wolves zone.
2:42 of 2nd period - Icing by Dennis Cholowski.
2:43 of 2nd period - Tyler Madden wins face-off versus Jackson Cates in Philadelphia Phantoms zone.
3:07 of 2nd period - Wrist shot by Givani Smith.
3:07 of 2nd period - Stopped by Daniel Vladar with a rebound.
3:09 of 2nd period - Backhand shot by Chase Priskie.
3:09 of 2nd period - Shot Blocked by Santtu Kinnunen.
3:11 of 2nd period - Wrist shot by Givani Smith.
3:11 of 2nd period - Stopped by Daniel Vladar with a rebound.
3:13 of 2nd period - Snap shot by Milos Kelemen.
3:13 of 2nd period - Shot Misses the Net.
3:48 of 2nd period - Slapshot by Tyler Madden.
3:48 of 2nd period - Shot Misses the Net.
3:58 of 2nd period - Slapshot by Tyler Madden.
3:58 of 2nd period - Deflect By Milos Kelemen.
3:58 of 2nd period - Stopped by Daniel Vladar with a rebound.
4:00 of 2nd period - Snap shot by Milos Kelemen.
4:00 of 2nd period - Stopped by Daniel Vladar with a rebound.
4:10 of 2nd period - Slapshot by Tyler Madden.
4:10 of 2nd period - Shot Blocked by Valtteri Puustinen.
4:12 of 2nd period - Slapshot by Chase Priskie.
4:12 of 2nd period - Deflect By Milos Kelemen.
4:12 of 2nd period - Shot Misses the Net.
4:12 of 2nd period - Puck is out of play.
4:13 of 2nd period - C.J. Smith wins face-off versus Vasili Ponomarev in Chicago Wolves zone.
4:15 of 2nd period - Minor Penalty to Jordan Harris for Tripping.
4:16 of 2nd period - Vasili Ponomarev wins face-off versus Tyson Foerster in Chicago Wolves zone.
4:16 of 2nd period - Wrist shot by Dylan Guenther.
4:16 of 2nd period - Stopped by Daniel Vladar with a rebound.
4:18 of 2nd period - Wrist shot by Vasili Ponomarev.
4:18 of 2nd period - Shot Blocked by Cavan Fitzgerald.
4:20 of 2nd period - Slapshot by Ronnie Attard.
4:20 of 2nd period - Stopped by Daniel Vladar without a rebound.
4:21 of 2nd period - Tyson Foerster wins face-off versus Vasili Ponomarev in Chicago Wolves zone.
4:32 of 2nd period - Snap shot by Dylan Guenther.
4:32 of 2nd period - Stopped by Daniel Vladar with a rebound.
4:54 of 2nd period - Wrist shot by Nils Hoglander.
4:54 of 2nd period - Goal by Nils Hoglander - Philadelphia Phantoms : 0 - Chicago Wolves : 3.
4:55 of 2nd period - Tyson Foerster wins face-off versus Vasili Ponomarev in neutral zone.
4:59 of 2nd period - Off-side.
5:00 of 2nd period - Tyson Foerster wins face-off versus Vasili Ponomarev in neutral zone.
5:51 of 2nd period - Snap shot by Nils Hoglander.
5:51 of 2nd period - Shot Blocked by Dennis Cholowski.
5:53 of 2nd period - Snap shot by Tyson Foerster.
5:53 of 2nd period - Stopped by Cayden Primeau with a rebound.
6:15 of 2nd period - Penalty to Jordan Harris is over, Jordan Harris is back on ice.
7:03 of 2nd period - Jan Mysak is hit by Buddy Robinson and loses puck.
7:19 of 2nd period - Off-side.
7:20 of 2nd period - Vasili Ponomarev wins face-off versus Tyson Foerster in neutral zone.
7:29 of 2nd period - Drew O'Connor is hit by Lawrence Pilut and loses puck.
7:44 of 2nd period - William Lockwood is hit by Drew O'Connor and loses puck.
7:59 of 2nd period - Snap shot by Vasili Ponomarev.
7:59 of 2nd period - Stopped by Daniel Vladar without a rebound.
8:00 of 2nd period - Tyson Foerster wins face-off versus Cole Schwindt in Chicago Wolves zone.
8:13 of 2nd period - Snap shot by Nils Hoglander.
8:13 of 2nd period - Stopped by Cayden Primeau with a rebound.
8:25 of 2nd period - Santtu Kinnunen is hit by Brandon Coe and loses puck.
8:56 of 2nd period - Snap shot by Valtteri Puustinen.
8:56 of 2nd period - Shot Misses the Net.
9:55 of 2nd period - Wrist shot by Lukas Rousek.
9:55 of 2nd period - Stopped by Cayden Primeau without a rebound.
9:56 of 2nd period - Vasili Ponomarev wins face-off versus C.J. Smith in Philadelphia Phantoms zone.
10:23 of 2nd period - Off-side.
10:24 of 2nd period - Tyson Foerster wins face-off versus Dryden Hunt in neutral zone.
10:37 of 2nd period - Wrist shot by Nils Hoglander.
10:37 of 2nd period - Stopped by Cayden Primeau with a rebound.
10:39 of 2nd period - Wrist shot by Nils Hoglander.
10:39 of 2nd period - Stopped by Cayden Primeau without a rebound.
10:40 of 2nd period - C.J. Smith wins face-off versus Drew O'Connor in Philadelphia Phantoms zone.
10:50 of 2nd period - Off-side.
10:51 of 2nd period - Tyson Foerster wins face-off versus Cole Schwindt in neutral zone.
10:54 of 2nd period - Slapshot by Nils Hoglander.
10:54 of 2nd period - Stopped by Cayden Primeau with a rebound.
11:04 of 2nd period - Snap shot by Alec Regula.
11:04 of 2nd period - Shot Blocked by Cavan Fitzgerald.
11:06 of 2nd period - Slapshot by Wade Allison.
11:06 of 2nd period - Shot Blocked by Tyson Foerster.
11:16 of 2nd period - Dylan Guenther is hit by William Lockwood and loses puck.
11:23 of 2nd period - Backhand shot by William Lockwood.
11:23 of 2nd period - Goal by William Lockwood - Philadelphia Phantoms : 0 - Chicago Wolves : 4.
11:24 of 2nd period - Cole Schwindt wins face-off versus C.J. Smith in neutral zone.
11:51 of 2nd period - Vasili Ponomarev is hit by Tyson Foerster and loses puck.
12:17 of 2nd period - Lawrence Pilut is hit by Milos Kelemen and loses puck.
12:51 of 2nd period - Wrist shot by Lukas Rousek.
12:51 of 2nd period - Shot Misses the Net.
13:13 of 2nd period - Slapshot by Nils Hoglander.
13:13 of 2nd period - Deflect By Vasili Ponomarev.
13:13 of 2nd period - Shot Misses the Net.
13:13 of 2nd period - Puck is out of play.
13:14 of 2nd period - Tyson Foerster wins face-off versus Vasili Ponomarev in Philadelphia Phantoms zone.
14:04 of 2nd period - Off-side.
14:05 of 2nd period - Cole Schwindt wins face-off versus Jackson Cates in neutral zone.
14:19 of 2nd period - Jackson Cates beats up Chase Priskie.
14:19 of 2nd period - Penalty to Jackson Cates for Fighting.
14:19 of 2nd period - Penalty to Chase Priskie for Fighting.
14:20 of 2nd period - Mitchell Stephens wins face-off versus Cole Schwindt in Chicago Wolves zone.
14:20 of 2nd period - Mitchell Stephens is hit by Ronnie Attard.
14:40 of 2nd period - Icing by Cavan Fitzgerald.
14:41 of 2nd period - Mitchell Stephens wins face-off versus Vasili Ponomarev in Chicago Wolves zone.
14:43 of 2nd period - Icing by Saku Maenalanen.
14:44 of 2nd period - Vasili Ponomarev wins face-off versus Mitchell Stephens in Chicago Wolves zone.
15:07 of 2nd period - Vasili Ponomarev is hit by Saku Maenalanen.
16:30 of 2nd period - Minor Penalty to Cavan Fitzgerald for High sticking.
16:31 of 2nd period - Tyson Foerster wins face-off versus Cole Schwindt in Chicago Wolves zone.
16:31 of 2nd period - Tyson Foerster is hit by Ronnie Attard.
18:30 of 2nd period - Penalty to Cavan Fitzgerald is over, Cavan Fitzgerald is back on ice.
19:47 of 2nd period - Alec Regula is hit by Dean Stewart and loses puck.
Goals for this period are 0 for Philadelphia Phantoms vs 3 for Chicago Wolves.
Shots for this period are 8 for Philadelphia Phantoms vs 15 for Chicago Wolves.

3rd period


0:01 of 3rd period - Dryden Hunt wins face-off versus C.J. Smith in neutral zone.
0:22 of 3rd period - Minor Penalty to Jackson LaCombe for Hooking.
0:23 of 3rd period - Mitchell Stephens wins face-off versus Vasili Ponomarev in Philadelphia Phantoms zone.
1:04 of 3rd period - Snap shot by Mitchell Stephens.
1:04 of 3rd period - Shot Blocked by Dylan Guenther.
1:20 of 3rd period - Snap shot by Cavan Fitzgerald.
1:20 of 3rd period - Deflect By Saku Maenalanen.
1:20 of 3rd period - Stopped by Cayden Primeau with a rebound.
1:22 of 3rd period - Wrist shot by Vasily Podkolzin.
1:22 of 3rd period - Deflect By Saku Maenalanen.
1:22 of 3rd period - Shot Misses the Net.
1:22 of 3rd period - Puck is out of play.
1:23 of 3rd period - Tyson Foerster wins face-off versus Cole Schwindt in Philadelphia Phantoms zone.
1:30 of 3rd period - Snap shot by Nils Hoglander.
1:30 of 3rd period - Shot Misses the Net.
2:22 of 3rd period - Penalty to Jackson LaCombe is over, Jackson LaCombe is back on ice.
3:15 of 3rd period - Icing by William Lockwood.
3:16 of 3rd period - Cole Schwindt wins face-off versus C.J. Smith in Chicago Wolves zone.
3:29 of 3rd period - Snap shot by Vasili Ponomarev.
3:29 of 3rd period - Shot Misses the Net.
3:31 of 3rd period - Snap shot by Drew O'Connor.
3:31 of 3rd period - Stopped by Daniel Vladar with a rebound.
3:45 of 3rd period - Snap shot by Jackson Cates.
3:45 of 3rd period - Stopped by Cayden Primeau with a rebound.
3:47 of 3rd period - Wrist shot by Santtu Kinnunen.
3:47 of 3rd period - Shot Misses the Net.
3:49 of 3rd period - Wrist shot by Buddy Robinson.
3:49 of 3rd period - Shot Misses the Net.
4:11 of 3rd period - Wrist shot by Mitchell Stephens.
4:11 of 3rd period - Shot Blocked by Milos Kelemen.
4:23 of 3rd period - Nils Hoglander is hit by Brandon Coe and loses puck.
5:06 of 3rd period - Wrist shot by Givani Smith.
5:06 of 3rd period - Shot Misses the Net.
5:19 of 3rd period - Off-side.
5:20 of 3rd period - Cole Schwindt wins face-off versus Mitchell Stephens in neutral zone.
5:25 of 3rd period - Snap shot by Ronnie Attard.
5:25 of 3rd period - Stopped by Daniel Vladar without a rebound.
5:25 of 3rd period - Brandon Coe beats up Jakub Galvas.
5:25 of 3rd period - Penalty to Jakub Galvas for Fighting.
5:25 of 3rd period - Penalty to Brandon Coe for Fighting.
5:26 of 3rd period - Cole Schwindt wins face-off versus Tyson Foerster in Chicago Wolves zone.
5:27 of 3rd period - Slapshot by Wade Allison.
5:27 of 3rd period - Stopped by Daniel Vladar with a rebound.
5:29 of 3rd period - Wrist shot by Ronnie Attard.
5:29 of 3rd period - Deflect By Jordan Harris.
5:29 of 3rd period - Stopped by Daniel Vladar without a rebound.
5:30 of 3rd period - Cole Schwindt wins face-off versus Tyson Foerster in Chicago Wolves zone.
5:39 of 3rd period - Wrist shot by Cole Schwindt.
5:39 of 3rd period - Stopped by Daniel Vladar with a rebound.
5:41 of 3rd period - Snap shot by Cole Schwindt.
5:41 of 3rd period - Goal by Cole Schwindt - Philadelphia Phantoms : 1 - Chicago Wolves : 4.
5:42 of 3rd period - Jackson Cates wins face-off versus Cole Schwindt in neutral zone.
6:07 of 3rd period - Wrist shot by Lukas Rousek.
6:07 of 3rd period - Shot Misses the Net.
6:09 of 3rd period - Wrist shot by C.J. Smith.
6:09 of 3rd period - Goal by C.J. Smith - Philadelphia Phantoms : 1 - Chicago Wolves : 5.
6:10 of 3rd period - Cole Schwindt wins face-off versus Tyson Foerster in neutral zone.
6:36 of 3rd period - Ronnie Attard is hit by William Lockwood and loses puck.
6:59 of 3rd period - Snap shot by Mitchell Stephens.
6:59 of 3rd period - Stopped by Cayden Primeau without a rebound.
7:00 of 3rd period - Cole Schwindt wins face-off versus Mitchell Stephens in Philadelphia Phantoms zone.
7:11 of 3rd period - Wrist shot by Dryden Hunt.
7:11 of 3rd period - Shot Blocked by Santtu Kinnunen.
7:20 of 3rd period - Minor Penalty to Cole Schwindt for Hooking.
7:21 of 3rd period - Vasili Ponomarev wins face-off versus Tyson Foerster in Philadelphia Phantoms zone.
7:21 of 3rd period - Vasili Ponomarev is hit by Tyson Foerster.
7:52 of 3rd period - Wrist shot by Mitchell Stephens.
7:52 of 3rd period - Stopped by Cayden Primeau with a rebound.
7:54 of 3rd period - Slapshot by Lawrence Pilut.
7:54 of 3rd period - Shot Misses the Net.
9:20 of 3rd period - Penalty to Cole Schwindt is over, Cole Schwindt is back on ice.
9:46 of 3rd period - Slapshot by Alec Regula.
9:46 of 3rd period - Stopped by Daniel Vladar with a rebound.
9:48 of 3rd period - Backhand shot by Chase Priskie.
9:48 of 3rd period - Shot Misses the Net.
9:50 of 3rd period - Slapshot by Alec Regula.
9:50 of 3rd period - Shot Misses the Net.
9:52 of 3rd period - Wrist shot by Vasili Ponomarev.
9:52 of 3rd period - Shot Blocked by Santtu Kinnunen.
9:54 of 3rd period - Slapshot by Chase Priskie.
9:54 of 3rd period - Stopped by Daniel Vladar with a rebound.
9:56 of 3rd period - Wrist shot by Dylan Guenther.
9:56 of 3rd period - Goal by Dylan Guenther - Philadelphia Phantoms : 2 - Chicago Wolves : 5.
9:57 of 3rd period - Tyson Foerster wins face-off versus Tyler Madden in neutral zone.
10:08 of 3rd period - Slapshot by Jackson LaCombe.
10:08 of 3rd period - Stopped by Daniel Vladar with a rebound.
10:10 of 3rd period - Wrist shot by Givani Smith.
10:10 of 3rd period - Shot Blocked by Nils Hoglander.
10:12 of 3rd period - Slapshot by Ronnie Attard.
10:12 of 3rd period - Shot Misses the Net.
10:22 of 3rd period - Cole Schwindt is hit by Buddy Robinson and loses puck.
10:49 of 3rd period - Jan Mysak is hit by Jordan Harris and loses puck.
11:08 of 3rd period - Icing by Adam Ginning.
11:09 of 3rd period - Tyson Foerster wins face-off versus Givani Smith in Philadelphia Phantoms zone.
12:21 of 3rd period - Nils Hoglander is hit by Cole Schwindt and loses puck.
12:36 of 3rd period - Drew O'Connor is hit by Buddy Robinson and loses puck.
13:14 of 3rd period - Adam Ginning is hit by Lukas Rousek and loses puck.
13:34 of 3rd period - Drew O'Connor is hit by Tyson Foerster and loses puck.
13:45 of 3rd period - Snap shot by Drew O'Connor.
13:45 of 3rd period - Shot Blocked by Jakub Galvas.
13:47 of 3rd period - Wrist shot by Vasili Ponomarev.
13:47 of 3rd period - Stopped by Daniel Vladar without a rebound.
13:48 of 3rd period - Mitchell Stephens wins face-off versus Cole Schwindt in Chicago Wolves zone.
13:58 of 3rd period - Snap shot by Saku Maenalanen.
13:58 of 3rd period - Stopped by Cayden Primeau without a rebound.
13:59 of 3rd period - Cole Schwindt wins face-off versus C.J. Smith in Philadelphia Phantoms zone.
13:59 of 3rd period - Cole Schwindt is hit by C.J. Smith.
14:05 of 3rd period - Snap shot by Cole Schwindt.
14:05 of 3rd period - Stopped by Daniel Vladar with a rebound.
14:07 of 3rd period - Slapshot by Jackson LaCombe.
14:07 of 3rd period - Shot Blocked by Jordan Harris.
14:09 of 3rd period - Wrist shot by Dryden Hunt.
14:09 of 3rd period - Shot Misses the Net.
14:11 of 3rd period - Slapshot by Jackson LaCombe.
14:11 of 3rd period - Stopped by Daniel Vladar with a rebound.
14:13 of 3rd period - Slapshot by Jackson LaCombe.
14:13 of 3rd period - Deflect By Lukas Rousek.
14:13 of 3rd period - Stopped by Daniel Vladar without a rebound.
14:14 of 3rd period - Jackson Cates wins face-off versus Brandon Coe in Chicago Wolves zone.
15:27 of 3rd period - Wrist shot by Saku Maenalanen.
15:27 of 3rd period - Shot Misses the Net.
15:43 of 3rd period - Slapshot by Jackson LaCombe.
15:43 of 3rd period - Shot Blocked by Jackson Cates.
15:45 of 3rd period - Snap shot by Tyler Madden.
15:45 of 3rd period - Goal by Tyler Madden - Philadelphia Phantoms : 3 - Chicago Wolves : 5.
15:46 of 3rd period - Tyler Madden wins face-off versus C.J. Smith in neutral zone.
16:13 of 3rd period - Valtteri Puustinen is hit by Vasili Ponomarev and loses puck.
16:36 of 3rd period - Slapshot by Nils Hoglander.
16:36 of 3rd period - Stopped by Cayden Primeau without a rebound.
16:37 of 3rd period - Tyson Foerster wins face-off versus Cole Schwindt in Philadelphia Phantoms zone.
17:02 of 3rd period - Snap shot by Dryden Hunt.
17:02 of 3rd period - Stopped by Daniel Vladar without a rebound.
17:03 of 3rd period - Tyler Madden wins face-off versus William Lockwood in Chicago Wolves zone.
17:40 of 3rd period - Snap shot by Valtteri Puustinen.
17:40 of 3rd period - Shot Misses the Net.
17:52 of 3rd period - Nils Hoglander is hit by Wade Allison and loses puck.
17:58 of 3rd period - Off-side.
17:59 of 3rd period - C.J. Smith wins face-off versus Tyler Madden in neutral zone.
18:08 of 3rd period - Snap shot by William Lockwood.
18:08 of 3rd period - Stopped by Cayden Primeau without a rebound.
18:09 of 3rd period - C.J. Smith wins face-off versus Tyler Madden in Philadelphia Phantoms zone.
18:16 of 3rd period - Backhand shot by Lukas Rousek.
18:16 of 3rd period - Stopped by Cayden Primeau with a rebound.
18:18 of 3rd period - Slapshot by Lawrence Pilut.
18:18 of 3rd period - Deflect By Ronnie Attard.
18:18 of 3rd period - Stopped by Cayden Primeau with a rebound.
18:46 of 3rd period - Slapshot by Givani Smith.
18:46 of 3rd period - Deflect By Tyler Madden.
18:46 of 3rd period - Shot Misses the Net.
18:46 of 3rd period - Puck is out of play.
18:47 of 3rd period - Dryden Hunt wins face-off versus Jackson Cates in Chicago Wolves zone.
18:48 of 3rd period - Snap shot by Brandon Coe.
18:48 of 3rd period - Shot Misses the Net.
18:54 of 3rd period - Snap shot by Jackson Cates.
18:54 of 3rd period - Shot Misses the Net.
18:56 of 3rd period - Slapshot by Cavan Fitzgerald.
18:56 of 3rd period - Stopped by Cayden Primeau without a rebound.
18:57 of 3rd period - Jan Mysak wins face-off versus Jackson Cates in Philadelphia Phantoms zone.
18:57 of 3rd period - Jan Mysak is hit by Jackson Cates.
19:07 of 3rd period - Slapshot by Dryden Hunt.
19:07 of 3rd period - Shot Misses the Net.
19:31 of 3rd period - Wrist shot by Valtteri Puustinen.
19:31 of 3rd period - Stopped by Cayden Primeau without a rebound.
19:32 of 3rd period - C.J. Smith wins face-off versus Tyler Madden in Philadelphia Phantoms zone.
19:47 of 3rd period - Slapshot by Dennis Cholowski.
19:47 of 3rd period - Deflect By Jordan Harris.
19:47 of 3rd period - Stopped by Daniel Vladar with a rebound.
19:57 of 3rd period - Wade Allison is hit by Mitchell Stephens and loses puck.
Goals for this period are 3 for Philadelphia Phantoms vs 1 for Chicago Wolves.
Shots for this period are 17 for Philadelphia Phantoms vs 12 for Chicago Wolves.




Output by the SimonT Hockey Simulator (STHS) for Eric Tremblay - Original Page W3C HTML5 Valid
Hockey Simulator - Hockey Simulation - Hockey Manager